 Dungeon Crawl Stone Soup version 0.19-a0-585-ge40200b (webtiles) character file.

27062 Duffy the Severer (level 13, -7/116 HPs)
             Began as a Hill Orc Monk on June 9, 2016.
             Was the Champion of Cheibriados.
             Mangled by a boulder beetle (35 damage)
             ... on level 7 of the Lair of Beasts.
             The game lasted 00:17:08 (15543 turns).

Duffy the Severer (Hill Orc Monk)                  Turns: 15543, Time: 00:17:09

Health: -7/116     AC: 19    Str: 32    XL:     13   Next: 30%
Magic:  20/20      EV: 20    Int: 25    God:    Cheibriados [******]
Gold:   485        SH:  0    Dex: 30    Spells: 2 memorised, 6 levels left

rFire  . . .     SeeInvis .     w - +2 war axe (flame)
rCold  . . .     Gourm    .     p - +3 chain mail {rPois}
rNeg   . . .     Faith    .     (no shield)
rPois  +         Spirit   .     s - +0 helmet
rElec  .         Dismiss  .     (no cloak)
rCorr  .         Reflect  .     i - +0 pair of gloves
SustAt .         Harm     .     G - +0 pair of boots
MR     .....                    (no amulet)
Stlth  ..........               a - +4 ring of evasion
                                J - ring of wizardry

@: very slow, not resistant to hostile enchantments, extremely unstealthy
A: no striking features
a: Bend Time, Temporal Distortion, Slouch, Step From Time, Renounce Religion


You were on level 7 of the Lair of Beasts.
You worshipped Cheibriados.
Cheibriados was exalted by your worship.
You were not hungry.

You visited 3 branches of the dungeon, and saw 16 of its levels.
You also visited: Ossuary.

You collected 590 gold pieces.
You spent 105 gold pieces at shops.


   Skills:
 + Level 11.6 Fighting
 - Level 16.2 Axes
 + Level 11.0 Armour
 + Level 7.3 Dodging
 - Level 1.5 Stealth
 - Level 4.8 Unarmed Combat
 - Level 10.2 Invocations


You had 6 spell levels left.
You knew the following spells:

 Your Spells              Type           Power        Failure   Level  Hunger
a - Regeneration          Chrm/Necr      #.........   71%         3    ####...
b - Spectral Weapon       Hex/Chrm       #.......     71%         3    ####...

Inventory:

Hand Weapons
 w - a +2 war axe of flaming (weapon)
 H - a +0 blowgun
Missiles
 R - a throwing net (quivered)
 Z - 8 curare-tipped needles
Armour
 i - a +0 pair of gloves (worn)
 p - a +3 chain mail of poison resistance (worn)
 s - a +0 helmet (worn)
 G - a +0 pair of boots (worn)
Jewellery
 a - a +4 ring of evasion (right hand)
 k - an uncursed ring of sustain attributes
 J - a ring of wizardry (left hand)
Wands
 q - a wand of digging (6/24)
 L - a wand of iceblast (6/15)
 Q - a wand of teleportation (4/9)
Scrolls
 d - 4 scrolls of remove curse {unknown}
 h - 2 scrolls of identify
 r - 6 scrolls of noise {unknown}
 x - 5 scrolls of teleportation
 y - 5 scrolls of immolation {unknown}
 z - a scroll of recharging
 B - a scroll of magic mapping
 E - a scroll of silence
 K - 3 scrolls of fog
 N - 2 scrolls of fear {unknown}
 U - a scroll of torment
 X - a scroll of blinking
Potions
 e - a potion of heal wounds {unknown}
 f - 2 potions of resistance
 g - 5 potions of cure mutation {unknown}
 j - 8 potions of degeneration {unknown}
 l - 4 potions of flight {unknown}
 m - 2 potions of invisibility {unknown}
 n - a potion of berserk rage {unknown}
 o - 4 potions of lignification {unknown}
 t - 9 potions of curing {unknown}
 v - a potion of haste {unknown}
 A - 7 potions of agility {unknown}
 C - 3 potions of ambrosia {unknown}
 D - a potion of brilliance {unknown}
 F - 3 potions of cancellation {unknown}
 M - a potion of mutation {unknown}
Miscellaneous
 S - a box of beasts
Comestibles
 b - 6 bread rations
 c - 5 meat rations
 u - 3 fruits
 I - a royal jelly
 O - 4 slices of pizza
 Y - a beef jerky

Dungeon Overview and Level Annotations

Branches:
Dungeon (8/15)             Temple (1/1) D:4            Lair (7/8) D:8
 Shoals (0/4) Lair:3
  Snake: Lair:3-6    Spider: Lair:3-6     Slime: Lair:6-8

Altars:
Ashenzari
Cheibriados
Dithmenos
Elyvilon
Fedhas
Gozag
Hepliaklqana
Kikubaaqudgha
Makhleb
Nemelex Xobeh
Okawaru
Pakellas
Qazlal
Ru
Trog
Uskayaw
Vehumet
Xom
Yredelemnul
Zin
The Shining One

Shops:
D:6 ?


Message History

A boulder beetle is nearby!
Found 13 poisoned needles.
The boulder beetle smashes into you!
The boulder beetle stops rolling.
The boulder beetle bites you! x2
Found 9 stones.
You hit the boulder beetle but do no damage.
The boulder beetle bites you!!!
You are too injured to fight recklessly!
You are too injured to fight recklessly!
You are too injured to fight recklessly!
You are too injured to fight recklessly!
You are too injured to fight recklessly!
You are too injured to fight recklessly!
You are too injured to fight recklessly!
You are too injured to fight recklessly!
You are too injured to fight recklessly!
You are too injured to fight recklessly!
You are too injured to fight recklessly!
You are too injured to fight recklessly!
You are too injured to fight recklessly!
You are too injured to fight recklessly!
You are too injured to fight recklessly!
You are too injured to fight recklessly!
You are too injured to fight recklessly!
You hit the boulder beetle but do no damage.
You hit the boulder beetle. You burn the boulder beetle.
The boulder beetle is lightly wounded.
You hit the boulder beetle but do no damage.
You punch the boulder beetle.
The boulder beetle is lightly wounded.
The boulder beetle barely misses you.
You hit the boulder beetle but do no damage.
The boulder beetle is lightly wounded.
You hit the boulder beetle. You burn the boulder beetle.
The boulder beetle is lightly wounded.
The boulder beetle closely misses you.
You slice the boulder beetle!! You burn the boulder beetle.
The boulder beetle is heavily wounded.
A boulder beetle comes into view.
The boulder beetle twitches its antennae in your direction.
You hit the boulder beetle but do no damage.
The boulder beetle is heavily wounded.
You hit the boulder beetle but do no damage.
The boulder beetle is heavily wounded.
The boulder beetle barely misses you.
You slash the boulder beetle! You burn the boulder beetle.
The boulder beetle is heavily wounded.
The boulder beetle misses you. The boulder beetle bites you!!
You die...

#.....## #P #...%## #
#P....#### # ##....%##.#
## ###### #.........###.#
#...##
.####.#####..##.#####..#.
......!...).B............
.######B#######%#####...P
#.@#....%..# ##..#
#(.........## ####
###.......## #......##
###...## #..>(# ##..##


PP# You could see a boulder beetle.

Action                   |  1- 3 |  4- 6 |  7- 9 | 10-12 | 13-15 || total
-------------------------+-------+-------+-------+-------+-------++-------
Melee: Unarmed           |   103 |   253 |       |       |       ||   356
       Punch             |     2 |     5 |    10 |    17 |     2 ||    36
       Hand axe          |       |    89 |       |       |       ||    89
       War axe           |       |    18 |   270 |   511 |    82 ||   881
Invok: Slouch            |       |       |       |     2 |       ||     2
  Use: Scroll            |       |       |     1 |     6 |       ||     7
 Stab: Sleeping          |     4 |     4 |       |       |       ||     8
       Petrified         |       |       |       |     2 |       ||     2
  Eat: Chunk             |     2 |     8 |     6 |    12 |     1 ||    29
Armor: Robe              |    10 |     8 |       |       |       ||    18
       Chain mail        |       |   171 |   115 |   169 |    29 ||   484
Dodge: Dodged            |    62 |   148 |   167 |   400 |    61 ||   838

Notes
Turn   | Place    | Note
--------------------------------------------------------------
     0 | D:1      | Duffy the Hill Orc Monk began the quest for the Orb.
     0 | D:1      | Reached XP level 1. HP: 19/19 MP: 1/1
   174 | D:1      | Reached XP level 2. HP: 24/27 MP: 2/2
   355 | D:1      | Reached skill level 4 in Fighting
   686 | D:1      | Reached XP level 3. HP: 34/34 MP: 3/3
   868 | D:1      | Reached skill level 5 in Fighting
  1331 | D:2      | Found an oddly glowing altar of Pakellas.
  1431 | D:2      | Reached XP level 4. HP: 37/42 MP: 4/4
  1514 | D:2      | Reached skill level 1 in Axes
  2247 | D:3      | Noticed Terence
  2302 | D:2      | Killed Terence
  2302 | D:2      | Reached skill level 2 in Axes
  2529 | D:3      | Reached XP level 5. HP: 40/50 MP: 5/5
  2740 | D:3      | Reached skill level 6 in Fighting
  2740 | D:3      | Reached skill level 3 in Axes
  3005 | D:3      | Noticed an orc warrior
  3380 | D:3      | Reached skill level 4 in Axes
  3380 | D:3      | Reached XP level 6. HP: 53/58 MP: 6/6
  3442 | D:3      | Found a snail-covered altar of Cheibriados.
  3471 | D:3      | Became a worshipper of Cheibriados the Contemplative
  3471 | D:3      | Reached * piety under Cheibriados
  3471 | D:3      | Reached ** piety under Cheibriados
  3508 | D:3      | Reached skill level 1 in Armour
  3696 | D:3      | Reached skill level 2 in Armour
  3936 | D:4      | Found a staircase to the Ecumenical Temple.
  4108 | D:4      | Reached skill level 5 in Axes
  4128 | D:4      | Reached skill level 3 in Armour
  4128 | D:4      | Reached XP level 7. HP: 44/64 MP: 7/7
  4182 | D:4      | Found a snail-covered altar of Cheibriados.
  4222 | D:4      | Reached *** piety under Cheibriados
  4234 | D:4      | Found a sand-covered staircase.
  4235 | D:4      | Noticed Sigmund
  4239 | Ossuary  | Entered an ossuary
  4363 | Ossuary  | Reached skill level 6 in Axes
  4376 | Ossuary  | Reached skill level 4 in Armour
  4650 | D:4      | Killed Sigmund
  4650 | D:4      | Reached skill level 7 in Axes
  4650 | D:4      | Reached skill level 5 in Armour
  4650 | D:4      | Reached XP level 8. HP: 71/71 MP: 8/8
  4951 | Temple   | Entered the Ecumenical Temple
  5194 | D:4      | Found a sacrificial altar of Ru.
  5361 | D:5      | Entered Level 5 of the Dungeon
  5369 | D:5      | Found a bloodstained altar of Trog.
  5383 | D:5      | Reached skill level 8 in Axes
  5956 | D:2      | Reached **** piety under Cheibriados
  5956 | D:2      | Reached skill level 6 in Armour
  6201 | D:6      | Reached skill level 9 in Axes
  6273 | D:6      | Noticed ololoev's ghost (novice TrTm)
  6286 | D:6      | Killed ololoev's ghost
  6286 | D:6      | Reached skill level 7 in Armour
  6286 | D:6      | Reached XP level 9. HP: 53/77 MP: 9/9
  6472 | D:6      | Found a blossoming altar of Fedhas.
  6517 | D:6      | Reached skill level 10 in Axes
  6528 | D:6      | Found Soazimi's Magic Scroll Shoppe.
  6531 | D:6      | Bought a scroll of identify for 30 gold pieces
  6531 | D:6      | Bought a scroll of fog for 30 gold pieces
  6531 | D:6      | Bought a scroll of teleportation for 45 gold pieces
  6665 | D:6      | Reached skill level 8 in Armour
  6706 | D:6      | Found a shimmering altar of Xom.
  6707 | D:6      | Found a hazy altar of Hepliaklqana.
  6708 | D:6      | Noticed a spectral ugly thing
  6725 | D:6      | Reached skill level 1 in Invocations
  6737 | D:6      | Reached skill level 2 in Invocations
  6769 | D:6      | Found a burning altar of Makhleb.
  6921 | D:7      | Found an opulent altar of Gozag.
  7075 | D:7      | Reached skill level 3 in Invocations
  7079 | D:7      | Reached ***** piety under Cheibriados
  7189 | D:7      | Reached skill level 4 in Invocations
  7345 | D:8      | Reached skill level 11 in Axes
  7548 | D:8      | Found a shattered altar of Ashenzari.
  7560 | D:8      | Found a staircase to the Lair.
  7560 | D:8      | Noticed an elephant
  7572 | D:8      | Reached skill level 5 in Invocations
  7581 | D:8      | Killed an elephant
  7581 | D:8      | Reached skill level 6 in Invocations
  7923 | D:8      | Found a hide-covered altar of Uskayaw.
  8015 | D:8      | Reached XP level 10. HP: 81/84 MP: 14/14
  8301 | D:7      | Reached skill level 12 in Axes
  8301 | D:7      | Reached skill level 7 in Invocations
  8689 | D:7      | Reached skill level 8 in Invocations
  8858 | D:8      | Reached skill level 13 in Axes
  8858 | D:8      | Reached skill level 9 in Invocations
  9071 | D:8      | Noticed Prince Ribbit
  9140 | D:8      | Found a radiant altar of Vehumet.
  9264 | D:8      | Noticed Erica
  9281 | D:8      | Killed Erica
  9281 | D:8      | Reached skill level 7 in Fighting
  9560 | D:8      | Killed Prince Ribbit
  9744 | D:8      | Found a glowing silver altar of Zin.
  9744 | D:8      | Found a white marble altar of Elyvilon.
  9801 | Lair:1   | Entered Level 1 of the Lair of Beasts
  9838 | Lair:1   | Reached XP level 11. HP: 72/94 MP: 17/17
  9846 | Lair:1   | Reached skill level 8 in Fighting
  9846 | Lair:1   | Reached skill level 14 in Axes
 10284 | Lair:1   | Reached skill level 3 in Dodging
 10367 | Lair:1   | Reached ****** piety under Cheibriados
 10743 | Lair:1   | Reached skill level 4 in Dodging
 11063 | Lair:2   | Reached skill level 15 in Axes
 11623 | Lair:2   | Reached skill level 10 in Invocations
 11907 | Lair:2   | Noticed a five-headed hydra
 11913 | Lair:2   | Killed a two-headed hydra
 11913 | Lair:2   | Reached XP level 12. HP: 103/103 MP: 19/19
 12069 | Lair:2   | Reached skill level 5 in Dodging
 12173 | Lair:2   | Reached skill level 9 in Fighting
 12355 | Lair:2   | Noticed a seven-headed hydra
 12361 | Lair:2   | Killed a three-headed hydra
 12922 | Lair:3   | Noticed Sonja
 12924 | Lair:3   | Killed Sonja
 12924 | Lair:3   | Reached skill level 9 in Armour
 13471 | Lair:3   | Noticed a catoblepas
 13492 | Lair:3   | Killed a catoblepas
 13492 | Lair:3   | Reached skill level 16 in Axes
 13929 | Lair:3   | Noticed a four-headed hydra
 13934 | Lair:3   | Noticed a five-headed hydra
 13934 | Lair:3   | Killed a two-headed hydra
 13938 | Lair:3   | Killed a three-headed hydra
 14166 | Lair:3   | Found a staircase to the Shoals.
 14181 | Lair:3   | Reached skill level 10 in Fighting
 14181 | Lair:3   | Reached skill level 6 in Dodging
 14422 | Lair:3   | Learned a level 3 spell: Regeneration
 14426 | Lair:3   | Learned a level 3 spell: Spectral Weapon
 14461 | Lair:3   | Noticed Nergalle
 14468 | Lair:3   | Killed Nergalle
 14470 | Lair:3   | Reached skill level 10 in Armour
 14927 | Lair:3   | Noticed an eight-headed hydra
 14937 | Lair:3   | Killed a two-headed hydra
 15237 | Lair:5   | Reached XP level 13. HP: 115/115 MP: 20/20
 15301 | Lair:7   | Reached skill level 11 in Fighting
 15318 | Lair:7   | Reached skill level 7 in Dodging
 15433 | Lair:7   | Reached skill level 11 in Armour
 15543 | Lair:7   | Mangled by a boulder beetle

Skill      XL: |  1  2  3  4  5  6  7  8  9 10 11 12 13 |
---------------+----------------------------------------+-----
Fighting       | 4 5 6 7 8 10 11 | 11.6
Axes           | 2 4 5 7 9 11 13 15 16 | 16.2
Armour         | 3 5 7 8 10 11 | 11.0
Invocations    | 6 9 10 | 10.2
Dodging        | 4 6 7 |  7.3
Stealth        | |  1.5
Unarmed Combat | |  4.8

Vault maps used:
D:1:      minmay_arrival_loop
D:2:      grunt_pakellas_sulfur, lemuel_another_geyser
D:3:      corexii_shack_village, cheibriados_altar_wand_db, uniq_terence
D:4:      nicolae_ru_great_annihilating_truth, minmay_temple_entry_glassed_door,
          lightli_ossuary_entry_decrepit_ruins, first_bread, chei_slow_surprise,
          uniq_sigmund
D:5:      bloody_trog
D:6:      regret_index_temple_of_mockery, lemuel_doored_altar,
          lemuel_round_altar, serial_shops, nicolae_shop_behind_doors
D:7:      lemuel_crystal_altar, roderic_ancient_swastika
D:8:      kennysheep_little_box, vehumet_crystals,
          nicolae_overflow_crystal_walls, gammafunk_temple_overflow_elements,
          david_lair_generic, uniq_erica, uniq_prince_ribbit1
Temple:   grunt_temple_mini_profane_8
Lair:1:   serial_bayou_pond_c, roderic_batcave, grunt_megastairs_5
Lair:2:   statuecave_lemuel
Lair:3:   gammafunk_lair_enchanted_lake, elwin_shoals_entry_rooms,
          lemuel_fruit_fields, uniq_nergalle, uniq_sonja
Lair:5:   grunt_megastairs_2
Lair:6:   kennysheep_abandoned_house, nicolae_spider_entry_non_spiders,
          st_stairs_12, fungi_pond_lemuel
Lair:7:   boulder_dual_corridor_run
Ossuary:  ossuary_crypta

Vanquished Creatures
  7 hydras Erica
  A catoblepas Sonja Nergalle
  A lindwurm
  7 elephants
  The ghost of ololoev the Ruffian, a novice TrTm of Makhleb
  3 black mambas
  8 spiny frogs
  3 komodo dragons
  A rime drake
  A merfolk
  11 blink frogs Prince Ribbit Sigmund
  19 yaks
  3 hippogriffs
  10 water moccasins
  2 orc warriors
  6 porcupines
  A sky beast
  An ice beast
  A necrophage
  6 ogres
  3 centaurs
  10 crocodiles
  9 giant frogs
  3 big kobolds
  2 scorpions
  6 killer bees
  A howler monkey
  A vampire bat
  5 electric eels
  A crimson imp
  4 centaur zombies
  A giant frog zombie
  3 human zombies
  3 hounds
  2 orc priests
  5 jellies
  8 orc wizards
  An iron imp Terence
  4 iguanas
  A worker ant
  A sheep
  2 hound skeletons
  4 mummies
  15 gnolls
  9 adders
  38 river rats
  2 shadow imps
  2 oozes
  An adder zombie
  2 worms
  5 dart slugs
  5 giant geckos
  26 orcs
  5 ball pythons
  6 giant cockroaches
  9 goblins
  8 hobgoblins
  3 quokkas
  15 bats
  A giant gecko skeleton
  6 giant newts
  A jackal skeleton
  28 kobolds
  A kobold zombie
  11 rats
  14 fungi
  9 plants
  10 toadstools
411 creatures vanquished.
